 Dungeon Crawl Stone Soup version 0.18-a0-1799-g6250cb2 (webtiles) character file.

106 macross the Covert (level 4, -1/22 HPs)
             Began as a Spriggan Assassin on Apr 23, 2016.
             Slain by an orc
             ... wielding a +0 hand axe
              (3 damage)
             ... on level 3 of the Dungeon.
             The game lasted 00:17:28 (2973 turns).

macross the Covert (Spriggan Assassin)              Turns: 2973, Time: 00:17:29

Health: -1/22      AC:  3    Str:  7    XL:     4   Next: 55%
Magic:  5/5        EV: 18    Int: 12    God:
Gold:   172        SH:  0    Dex: 18    Spells: 0 memorised, 3 levels left

rFire  . . .     SeeInvis +     a - +2 dagger
rCold  . . .     Gourm    .     c - +0 robe
rNeg   . . .     Faith    .     (shield restricted)
rPois  .         Spirit   .     (helmet restricted)
rElec  .         Dismiss  .     d - +0 cloak
rCorr  .         Reflect  .     (gloves unavailable)
SustAt .         Harm     .     (boots unavailable)
MR     .....                    (no amulet)
Stlth  +++++.....               (no ring)
                                (no ring)

@: very quick, not resistant to hostile enchantments, quite stealthy
A: unfitting armour, see invisible, herbivore 3, speed 3, slow metabolism 2
a: no special abilities


You were on level 3 of the Dungeon.
You were not hungry.

You visited 1 branch of the dungeon, and saw 4 of its levels.

You collected 172 gold pieces.

Inventory:

Hand Weapons
 a - a +2 dagger (weapon)
 b - a +0 blowgun
Missiles
 e - 8 poisoned needles
 f - 2 curare-tipped needles
Armour
 c - a +0 robe (worn)
 d - a +0 cloak (worn)
Jewellery
 n - an uncursed amulet of the gourmand {unknown}
Scrolls
 h - 2 scrolls of identify {unknown}
 j - 2 scrolls of random uselessness {unknown}
 k - 2 scrolls of noise {unknown}
 l - a scroll of blinking {unknown}
 m - 2 scrolls of teleportation {unknown}
Potions
 i - 2 potions of curing {unknown}
 o - a potion of lignification {unknown}
 p - a potion of might {unknown}
 q - a potion of cure mutation {unknown}
Comestibles
 g - 3 bread rations
 r - a slice of pizza


   Skills:
 + Level 1.6 Fighting
 * Level 2.8 Short Blades
 - Level 2.0 Throwing
 + Level 3.0 Dodging
 * Level 8.2 Stealth


You had 3 spell levels left.
You didn't know any spells.

Dungeon Overview and Level Annotations

Branches:
Dungeon (4/15)
 Temple: D:4-7

Altars:
Gozag


Innate Abilities, Weirdness & Mutations

You are tiny and cannot use many weapons and most armour.
You have supernaturally acute eyesight.
You are a herbivore.
You cover ground extremely quickly.
You need consume almost no food.


Message History

The orc hits you but does no damage.
You barely miss the orc.
The orc is moderately wounded.
The orc closely misses you.
You hit the orc but do no damage.
The orc is moderately wounded.
The orc hits you with a hand axe.
You hit the orc but do no damage.
The orc is moderately wounded.
The orc hits you with a hand axe.
* * * LOW HITPOINT WARNING * * *
You hit the orc.
The orc is severely wounded.
You hit the orc but do no damage.
The orc is severely wounded.
The orc closely misses you.
You closely miss the orc.
The orc is severely wounded.
The orc hits you with a hand axe.
You die...

########## #......)@#
#.......o# #
#........# ########
#........# #..##...
#........# ##.##..##
####...### #รท.##.##
#.#...# ####.###.###
#.###.# #........#.#
#.###.#####.##.#####..


You could see an orc.

Vanquished Creatures
  An adder (D:3)
  An ooze (D:1)
  A worm (D:3)
  3 dart slugs
  5 giant geckos
  An orc (D:3)
  12 bats
  3 giant cockroaches
  6 goblins
  11 hobgoblins
  4 jackals (D:2)
  13 kobolds
  2 giant newts (D:3)
  7 rats
70 creatures vanquished.

Notes
Turn   | Place    | Note
--------------------------------------------------------------
     0 | D:1      | macross the Spriggan Assassin began the quest for the Orb.
     0 | D:1      | Reached XP level 1. HP: 10/10 MP: 2/2
     5 | D:2      | Reached skill level 6 in Stealth
    90 | D:2      | Reached XP level 2. HP: 8/14 MP: 3/3
   659 | D:1      | Reached skill level 7 in Stealth
   684 | D:1      | Reached XP level 3. HP: 16/18 MP: 4/4
  1529 | D:2      | Found an opulent altar of Gozag.
  2016 | D:2      | Reached XP level 4. HP: 22/22 MP: 5/5
  2474 | D:3      | Reached skill level 8 in Stealth
  2973 | D:3      | Slain by an orc

Vault maps used:
D:1:      dpeg_arrival_refuge, st_stairs_1, monster_avoids_cloud
D:2:      grunt_gozag_breadcrumbs
D:4:      minmay_temple_entry_purple_smoke, serial_shops, shop

Skill      XL: |  1  2  3  4 |
---------------+-------------+-----
Stealth        | 6 7 8 |  8.2
Dodging        | 2 3 |  3.0
Fighting       | |  1.6
Short Blades   | |  2.8
Throwing       | |  2.0

Action                   |  1- 3 |  4- 6 || total
-------------------------+-------+-------++-------
Melee: Dagger            |   151 |    90 ||   241
 Stab: Sleeping          |    15 |     6 ||    21
Armor: Robe              |    20 |    16 ||    36
Dodge: Dodged            |   111 |    75 ||   186
